 Dungeon Crawl Stone Soup version 0.24.0-37-gcf1ca852f1 (webtiles) character file.

Game seed: 8579496260181504966, levelgen mode: deterministic

352 Descartes the Skirmisher (level 6, 0/50 HPs)
             Began as a Formicid Abyssal Knight on Dec 3, 2019.
             Was a Believer of Lugonu.
             Slain by a hound (2 damage)
             ... on level 4 of the Dungeon.
             The game lasted 00:08:07 (4339 turns).

Descartes the Skirmisher (Formicid Abyssal Knight)  Turns: 4339, Time: 00:08:07

Health: 0/50       AC:  6    Str: 18    XL:     6   Next: 94%
Magic:  9/9        EV: 13    Int: 12    God:    Lugonu [**....]
Gold:   133        SH:  0    Dex: 13    Spells: 5/5 levels left

rFire    . . .     SeeInvis +   a - +1 hand axe
rCold    . . .     Gourm    .   (no shield)
rNeg     . . .     Faith    .   t - +2 robe {MR+}
rPois    .         Spirit   .   (helmet unavailable)
rElec    .         Reflect  .   q - +0 cloak
rCorr    .         Harm     .   k - +0 pair of gloves {Dex+3}
MR       +....                  (no boots)
Stlth    +.........             f - amulet of magic regeneration
HPRegen  0.16/turn              (no ring)
MPRegen  0.36/turn              (no ring)

@: no status effects
A: permanent stasis, dig shafts and tunnels, four strong arms, antennae 3
a: Dig, Shaft Self, Depart the Abyss, Bend Space, Renounce Religion


You were on level 4 of the Dungeon.
You worshipped Lugonu.
Lugonu was pleased with you.
You were not hungry.

You visited 1 branch of the dungeon, and saw 4 of its levels.
You visited the Abyss 1 time.

You collected 133 gold pieces.

Inventory:

Hand Weapons
 a - a +1 hand axe (weapon)
 d - a +2 quarterstaff of chaos
 r - a +0 war axe
Missiles
 j - 37 arrows
 l - 54 stones (quivered)
 o - 6 boomerangs
 p - 22 poisoned darts
 v - 6 curare-tipped darts
Armour
 b - a +0 leather armour
 g - a +0 scale mail
 k - a +0 pair of gloves of dexterity (worn)
 q - a +0 cloak (worn)
 t - a +2 robe of magic resistance (worn)
Jewellery
 f - an amulet of magic regeneration (around neck)
Scrolls
 e - 8 scrolls of identify {unknown}
 i - 4 scrolls of remove curse
 m - a scroll of blinking {unknown}
 n - a scroll of random uselessness {unknown}
 x - a scroll of immolation {unknown}
 y - 2 scrolls of amnesia {unknown}
Potions
 h - a potion of curing {unknown}
 s - 2 potions of brilliance {unknown}
 u - a potion of lignification {unknown}
 w - a potion of heal wounds {unknown}
 z - a potion of magic {unknown}
 A - 2 potions of ambrosia {unknown}
 B - a potion of degeneration {unknown}
Comestibles
 c - 9 rations
 C - 2 chunks of flesh


   Skills:
 + Level 4.8 Fighting
 - Level 2.0 Axes
 + Level 4.1 Armour
 + Level 3.0 Dodging
 + Level 4.3 Invocations


You had 5 spell levels left.
You didn't know any spells.
Your spell library was empty.

Dungeon Overview and Level Annotations

Branches:
Dungeon (4/15)
 Temple: D:4-7

Altars:
Dithmenos


Innate Abilities, Weirdness & Mutations

You cannot be hasted, slowed, berserked, paralysed or teleported.
You can dig through walls and to a lower floor.
Your four strong arms can wield two-handed weapons with a shield.
You have a pair of large antennae on your head. (SInv)


Message History

The orc hits you with a +1 war axe of electrocution.
You are electrocuted!
* * * LOW HITPOINT WARNING * * *
The orc closely misses you.
You hit the orc but do no damage.
The orc is heavily wounded.
You hit the orc but do no damage. You hit the orc wizard.
You closely miss the hound. The orc wizard barely misses you.
The hound misses you. The orc wizard barely misses you.
The hound barely misses you. The orc hits you with a +0 dagger.
* * * LOW HITPOINT WARNING * * *
The orc closely misses you.
The orc wizard gestures at you while chanting.
The magic dart hits you.
* * * LOW HITPOINT WARNING * * *
The orc wizard gestures wildly while chanting.
The orc wizard blinks!
The hound barely misses you. The hound bites you.
You die...

#..##..## #.## #......#
#..########
##......#####.........#
#.................####. ..
##..........รท......# ..#
#..................## ...#
#..............###..##
#....
#..####........####..##..#
#..# ##....#..@####....#
#..# ##...###ho###....#
#..# ##..# ##..##.(..#
#..# ##. ##.o.....## #..#
#.)......# ##..##
##....##..# .....#####
.$.%.## #..# .........#
.{.....# ..# #..#####..
#.......# .#


You could see a hound and 2 orcs.

Vanquished Creatures
  A phantom (D:2)
  An orc priest (D:4)
  Crazy Yiuf (D:2)
  Jessica (D:2)
  Terence (D:2)
  A worker ant (D:4)
  6 adders
  An ooze (D:1)
  A worm (D:3)
  A leopard gecko (D:2)
  An orc (D:3)
  5 giant cockroaches
  13 goblins
  3 hobgoblins
  5 jackals (D:4)
  11 kobolds
  A quokka (D:2)
  12 bats
  5 frilled lizards
  A quokka skeleton (D:4)
  5 rats
77 creatures vanquished.

Notes
Turn   | Place    | Note
-------+----------+-------------------------------------------
     0 | Abyss:1  | Descartes the Formicid Abyssal Knight began the quest for
                  | the Orb.
     0 | Abyss:1  | Reached XP level 1. HP: 18/18 MP: 2/2
    45 | Abyss:1  | Noticed a small abomination
    45 | Abyss:1  | Noticed a small abomination
    76 | Abyss:3  | Noticed a killer bee
    76 | Abyss:3  | Noticed a killer bee
    76 | Abyss:3  | Noticed a killer bee
    76 | Abyss:3  | Noticed a killer bee
    76 | Abyss:3  | Noticed a wretched star
    76 | Abyss:3  | Noticed a meliai
    76 | Abyss:3  | Noticed a meliai
    76 | Abyss:3  | Noticed a green very ugly thing
    76 | Abyss:3  | Noticed a killer bee
    76 | Abyss:3  | Noticed a killer bee
    77 | Abyss:3  | Noticed a killer bee
    77 | Abyss:3  | Noticed a queen bee
    77 | Abyss:3  | Noticed a killer bee
    78 | Abyss:3  | Noticed a meliai
    79 | D:1      | Escaped the Abyss
   219 | D:1      | Reached skill level 1 in Dodging
   253 | D:1      | Reached XP level 2. HP: 11/24 MP: 3/3
  1390 | D:1      | Reached XP level 3. HP: 27/29 MP: 4/4
  1397 | D:1      | Reached * piety under Lugonu
  1684 | D:2      | Found a shadowy altar of Dithmenos.
  1708 | D:2      | Noticed Terence
  1719 | D:2      | Killed Terence
  1719 | D:2      | Reached XP level 4. HP: 33/37 MP: 6/6
  1744 | D:2      | Found a runed translucent door.
  1745 | D:2      | Noticed Crazy Yiuf
  1841 | D:2      | Noticed a phantom
  1885 | D:2      | Killed a phantom
  1885 | D:2      | Reached XP level 5. HP: 12/42 MP: 7/7
  2344 | D:2      | Noticed Jessica
  2357 | D:2      | Killed Jessica
  2635 | D:2      | Killed Crazy Yiuf
  2635 | D:2      | Reached XP level 6. HP: 31/49 MP: 8/8
  2813 | D:3      | Reached ** piety under Lugonu
  4336 | D:4      | HP: 1/50 [orc wizard/magic dart (4)]
  4339 | D:4      | Slain by a hound

Levels and vault maps discovered:
D:1:      mrwooster_arrival_statue, layout_loops_ring, serial_glass,
          glass_columns_a, glass_columns_a, minmay_tripent
D:2:      layout_basic, old_standard_altar, minmay_fractal_squares_gapless_5,
          uniq_crazy_yiuf_cottage, uniq_terence, uniq_jessica
D:3:      layout_basic, serial_forest, infiniplex_forest_corner_1,
          infiniplex_forest_lined_1, infiniplex_forest_fountain,
          infiniplex_forest_split, infiniplex_forest_clump_long,
          infiniplex_forest_lined_3, infiniplex_forest_corner_2,
          wander_ebering_terrifying_dragon_lair
D:4:      layout_layer_cave, first_ration, serial_shops, shop

Skill      XL: |  1  2  3  4  5  6 |
---------------+-------------------+-----
Dodging        | 1 2 3 |  3.0
Invocations    | 3 4 |  4.3
Armour         | 3 4 |  4.1
Fighting       | 4 |  4.8
Axes           | |  2.0

Action                   |  1- 3 |  4- 6 || total
-------------------------+-------+-------++-------
Melee: Hand axe          |   101 |   186 ||   287
Invok: Depart the Abyss  |     1 |       ||     1
  Use: Scroll            |     4 |       ||     4
 Stab: Sleeping          |     1 |       ||     1
       Distracted        |       |     1 ||     1
  Eat: Chunk             |     3 |     8 ||    11
Armor: Leather armour    |    32 |       ||    32
       Scale mail        |       |    33 ||    33
       Robe              |       |    44 ||    44
Dodge: Dodged            |    68 |   126 ||   194
